 Dungeon Crawl Stone Soup version 0.28-b1-78-gc65acfa365 (webtiles) character file.

Game seed: 10356700134781703418

1897 Descartes the Digger (level 8, -9/38 HPs)
             Began as a Deep Elf Wanderer on Feb 4, 2022.
             Was an Initiate of Gozag.
             Mangled by a two-headed ogre (28 damage)
             ... on level 9 of the Dungeon.
             The game lasted 00:20:53 (6354 turns).

Descartes the Digger (Deep Elf Wanderer)            Turns: 6354, Time: 00:20:53

Health: -9/38      AC:  9    Str:  9    XL:     8   Next: 93%
Magic:  12/19      EV: 13    Int: 18    God:    Gozag
Gold:   420        SH:  0    Dex: 16    Spells: 15/19 levels left

rFire   . . .      SeeInvis .   m - +8 spear "Agonyng" {vamp, rPois Stlth+}
rCold   . . .      Faith    .   (no shield)
rNeg    + . .      Spirit   .   C - +2 leather armour {rN+}
rPois   +          Reflect  .   e - +1 helmet
rElec   .          Harm     .   z - +0 cloak
rCorr   +          Rampage  .   (no gloves)
Will    .....                   E - +0 pair of boots
Stlth   ++........              (no amulet)
HPRegen 0.12/turn               q - ring of resist corrosion
MPRegen 0.16/turn               (no ring)

@: no status effects
A: claws 1, frail 1
a: Renounce Religion, Potion Petition, Call Merchant, Bribe Branch


You were on level 9 of the Dungeon.
You worshipped Gozag.
Gozag was aware of your devotion.
You visited 2 branches of the dungeon, and saw 8 of its levels.

You collected 467 gold pieces.
You paid 47 gold pieces to Gozag.

Inventory:

Hand Weapons
 m - the +8 spear "Agonyng" (weapon) {vamp, rPois Stlth+}
   (You found it on level 2 of the Dungeon)

   It occasionally heals its wielder for a portion of the damage dealt when it
   wounds a living foe.
   rPois:     It protects you from poison.
   Stlth:     It makes you more stealthy.
 A - the +6 great mace of Debt {vorpal, rF++ MP+9 SInv}
   (You took it off an ogre on level 4 of the Dungeon)

   It inflicts extra damage upon your enemies.
   rF:        It greatly protects you from fire.
   MP:        It affects your magic capacity (+9).
   SInv:      It lets you see invisible.
Missiles
 b - 186 stones
 j - 63 arrows
 x - 11 poisoned darts
 D - 5 atropa-tipped darts
Armour
 a - an orb of guile
 e - a +1 helmet (worn)
 u - an orb of energy
 z - a +0 cloak (worn)
 C - a +2 leather armour of positive energy (worn)
 E - a +0 pair of boots (worn)
Jewellery
 q - a ring of resist corrosion (left claw)
Wands
 o - a wand of iceblast (8)
 y - a wand of flame (14)
Scrolls
 d - 3 scrolls of teleportation
 g - 2 scrolls of enchant armour
 h - a scroll of brand weapon
 i - a scroll of fear
 k - a scroll of enchant weapon
 l - a scroll of silence {unknown}
 s - a scroll of blinking {unknown}
 w - 2 scrolls of magic mapping {unknown}
Potions
 c - a potion of cancellation {unknown}
 f - a potion of flight {unknown}
 p - 3 potions of curing
 v - 3 potions of ambrosia
 B - a potion of brilliance


   Skills:
 - Level 1.0 Fighting
 - Level 3.0 Short Blades
 + Level 1.2 Maces & Flails
 + Level 3.4 Polearms
 - Level 5.0 Dodging
 + Level 6.4 Spellcasting
 + Level 4.9 Conjurations
 + Level 6.8 Earth Magic
 + Level 4.7 Evocations


You had 15 spell levels left.
You knew the following spells:

 Your Spells              Type           Power      Damage    Failure   Level
a - Sandblast             Erth           60%        2d14      1%          1
b - Stone Arrow           Conj/Erth      54%        3d10      4%          3

Your spell library contained the following spells:

 Spells                   Type           Power      Damage    Failure   Level
 Leda's Liquefaction      Hex/Erth       9%         N/A       36%         4


Dungeon Overview and Level Annotations

Branches:
Dungeon (6/15)             Temple (1/1) D:4

Altars:
Ashenzari
Cheibriados
Dithmenos
Elyvilon
Fedhas
Gozag
Hepliaklqana
Kikubaaqudgha
Makhleb
Nemelex Xobeh
Okawaru
Qazlal
Ru
Sif Muna
Trog
Uskayaw
Vehumet
Wu Jian
Xom
Yredelemnul
Zin

Shops:
D:2 (


Innate Abilities, Weirdness & Mutations

You have sharp fingernails.
You are frail. (-10% HP)


Message History

The killer bee buzzes angrily.
Casting: Sandblast (safe; 1% risk of failure)
Confirm with . or Enter, or press ? or * to list all spells.
Aiming: Sandblast (safe; 1% risk of failure)
Press: ? - help, Shift-Dir - straight line, f/p - killer bee
Aim: a killer bee (severely wounded, 63% to hit)
The blast of sand hits the killer bee!
You kill the killer bee!
As you read the scroll labelled TUERUWYZOV, it crumbles to dust.
You feel strangely unstable.
It was a scroll of teleportation.
As you read the scroll labelled BEYKHA ZOSYRE, it crumbles to dust.
It is a scroll of brand weapon.
You aren't carrying any weapons that can be branded.
As you read the scroll labelled UKYINT HAVOIX, it crumbles to dust.
You assume a fearsome visage.
Nothing appears to happen.
It was a scroll of fear.
Your surroundings suddenly seem different.
A two-headed ogre comes into view. It is wielding two +0 giant clubs.
You are too injured to fight recklessly!
The helpless two-headed ogre fails to defend itself.
You hit the two-headed ogre.
You feel better.
The two-headed ogre is lightly wounded.
Casting: Sandblast (safe; 1% risk of failure)
Confirm with . or Enter, or press ? or * to list all spells.
Aiming: Sandblast (safe; 1% risk of failure)
Press: ? - help, Shift-Dir - straight line, f - two-headed ogre
Aim: a two-headed ogre, wielding two +0 giant clubs (lightly wounded, 91% to hit)
The blast of sand hits the two-headed ogre!
The two-headed ogre is moderately wounded.
The two-headed ogre barely misses you.
The two-headed ogre hits you but does no damage.
You hit the two-headed ogre.
You feel better.
The two-headed ogre is heavily wounded.
The two-headed ogre barely misses you. The two-headed ogre closely misses you.
You hit the two-headed ogre.
The two-headed ogre is heavily wounded.
The two-headed ogre hits you with a +0 giant club!!
Ouch! That really hurt!
You die...
Your body crumbles into a pile of gold.

.....#
#....#
#....#
.####....#
.........#
.........#
#.......#
#.#####.#
#@# #O#
#.# ..#
..# ...#
###...!..
...#
........#
#...#
........#


You could see a two-headed ogre.

Vanquished Creatures
  The ghost of Kaptain the Digger, an amateur GrEE (D:4)
  3 black bears
  3 sky beasts
  An ice beast (D:5)
  A necrophage (D:5)
  A centaur (D:5)
  2 ogres
  2 phantoms
  A water moccasin zombie (D:6)
  A wyvern skeleton (D:5)
  4 killer bees (D:9)
  3 hounds (D:5)
  A bullfrog skeleton (D:5)
  An iguana (D:6)
  Natasha (twice) (D:3)
  A scorpion zombie (D:5)
  4 adders
  A white imp (D:5)
  An adder skeleton (D:2)
  A worm (D:2)
  6 orcs
  5 bats
  2 bat skeletons (D:2)
  4 endoplasms
  3 giant cockroaches
  4 goblins
  A hobgoblin (D:1)
  4 jackals (D:4)
  6 kobolds
  4 quokkas
  4 ball pythons
  2 ball python zombies (D:2)
  A frilled lizard (D:1)
  2 quokka skeletons (D:2)
  5 rats
88 creatures vanquished.

Notes
Turn   | Place    | Note
-------+----------+-------------------------------------------
     0 | D:1      | Descartes the Deep Elf Wanderer began the quest for the
                  | Orb.
     0 | D:1      | Descartes set off with the following items: a +1 short
                  | sword, 24 stones, a +0 robe; and the following spell
                  | memorised: Sandblast; and the following spells available to
                  | memorise: Stone Arrow, Leda's Liquefaction
     0 | D:1      | Reached XP level 1. HP: 12/12 MP: 5/5
   819 | D:1      | Reached XP level 2. HP: 16/16 MP: 4/7
   988 | D:2      | Reached skill level 1 in Dodging
  1073 | D:2      | Reached skill level 1 in Conjurations
  1077 | D:2      | Identified the +8 spear "Agonyng" {vamp, rPois Stlth+}
  1170 | D:2      | Reached XP level 3. HP: 11/20 MP: 8/8
  1382 | D:2      | Found a faded altar of an unknown god.
  1392 | D:2      | Prayed at the altar of an unknown god.
  1392 | D:2      | Became a worshipper of Nemelex Xobeh the Trickster
  1392 | D:2      | Reached * piety under Nemelex Xobeh
  1409 | D:2      | Received a gift from Nemelex Xobeh
  1879 | D:2      | Found Roloff's Weapon Boutique.
  1885 | D:2      | Found an iron altar of Okawaru.
  2081 | D:3      | Reached ** piety under Nemelex Xobeh
  2257 | D:3      | Fell from the grace of Nemelex Xobeh
  2535 | D:3      | Learned a level 3 spell: Stone Arrow
  2644 | D:3      | Noticed Natasha
  2652 | D:3      | Killed Natasha
  2653 | D:3      | Reached XP level 4. HP: 25/25 MP: 8/10
  2722 | D:4      | Noticed a black bear
  2734 | D:4      | Killed a black bear
  2735 | D:4      | Reached skill level 1 in Polearms
  2735 | D:4      | Reached skill level 5 in Earth Magic
  2735 | D:4      | Reached XP level 5. HP: 29/29 MP: 9/12
  2811 | D:4      | Noticed a phantom
  2815 | D:4      | Identified the +6 great mace of Debt {vorpal, rF++ MP+9
                  | SInv}
  2815 | D:4      | Noticed an ogre
  2820 | D:3      | Noticed Natasha
  2828 | D:3      | Killed Natasha
  3124 | D:4      | Killed a phantom
  3125 | D:4      | Reached XP level 6. HP: 34/34 MP: 7/13
  3203 | D:4      | Found a transporter.
  3224 | D:4      | Noticed Kaptain's ghost (amateur GrEE)
  3226 | D:4      | Found a transporter.
  3777 | D:4      | Found a staircase to the Ecumenical Temple.
  3783 | Temple   | Entered the Ecumenical Temple
  4053 | Temple   | Became a worshipper of Gozag Ym Sagoz the Greedy
  4657 | D:4      | Killed Kaptain's ghost
  4658 | D:4      | Reached XP level 7. HP: 26/38 MP: 11/15
  4801 | D:5      | Entered Level 5 of the Dungeon
  5091 | D:5      | Reached skill level 5 in Spellcasting
  5563 | D:5      | Reached XP level 8. HP: 32/43 MP: 14/17
  6095 | D:5      | Gained mutation: You have sharp fingernails. [potion of
                  | mutation]
  6095 | D:5      | Gained mutation: You are frail. (-10% HP) [potion of
                  | mutation]
  6222 | D:6      | Reached skill level 5 in Dodging
  6325 | D:6      | You fall into a shaft and drop 3 floors!
  6337 | D:9      | Reached skill level 1 in Maces & Flails
  6348 | D:9      | Noticed a two-headed ogre
  6354 | D:9      | Mangled by a two-headed ogre

Illustrated notes

Levels and vault maps discovered:
D:1:      denvon_arrival_planthouse, layout_basic
D:2:      layout_basic, basic_altar, serial_undead, serial_undead_f,
          serial_undead_a, serial_undead_c, serial_undead_f, serial_undead_c,
          serial_undead_b, serial_undead_c, serial_undead_c,
          ebering_ecumenical_altar_petrified, serial_shops, shop,
          kennysheep_generic_room_8
D:3:      layout_rooms, minmay_randomly_rotated_circles, uniq_natasha
D:4:      layout_layer_cave, minmay_temple_entry_waves, gammafunk_ghost_smash
D:5:      layout_basic, minmay_starry_boxes
D:6:      layout_cave_pools, minmay_misc_feat_four_crosses
D:9:      layout_stronghold, enter_bailey_5, uniq_harold, uniq_erolcha
Temple:   mainiacjoe_temple_hex_bubbles

Skill      XL: |  1  2  3  4  5  6  7  8 |
---------------+-------------------------+-----
Spellcasting   | 2 3 4 5 6 |  6.4
Dodging        | 1 2 3 4 5 |  5.0
Conjurations   | 1 2 3 4 |  4.9
Polearms       | 1 2 3 |  3.4
Earth Magic    | 5 6 |  6.8
Evocations     | 2 3 4 |  4.7
Maces & Flails | 1 |  1.2
Fighting       | |  1.0
Short Blades   | |  3.0

Action                   |  1- 3 |  4- 6 |  7- 9 || total
-------------------------+-------+-------+-------++-------
Melee: Spear             |    57 |    36 |    83 ||   176
       Punch             |     1 |       |       ||     1
       Unarmed           |       |     4 |       ||     4
       Great mace        |       |       |    15 ||    15
 Cast: Sandblast         |    20 |     8 |    25 ||    53
       Stone Arrow       |       |     3 |     7 ||    10
Invok: Renounce Religion |     1 |       |       ||     1
  Use: Scroll            |       |       |    10 ||    10
       Potion            |       |       |     4 ||     4
 Stab: Sleeping          |    14 |     1 |     1 ||    16
       Distracted        |       |       |     1 ||     1
Armor: Robe              |     7 |       |       ||     7
       Leather armour    |     1 |    10 |    70 ||    81
Dodge: Dodged            |    25 |    14 |   111 ||   150
